 Dungeon Crawl Stone Soup version 0.31.0-11-ge490571c62 (webtiles) character file.

Game seed: 858677993834472095

44 qw the Shooter (level 3, -2/20 HPs)
             Began as a Deep Elf Hunter on Feb 3, 2024.
             Slain by a goblin
             ... wielding a +0 club
             ... led by Robin
              (3 damage)
             ... on level 2 of the Dungeon.
             The game lasted 00:00:02 (716 turns).

qw the Shooter (Deep Elf Hunter)                     Turns: 716, Time: 00:00:03

Health: -2/20      AC:  5    Str: 10    XL:     3   Next: 39%
Magic:  5/5        EV: 11    Int: 13    God:
Gold:   61         SH:  0    Dex: 18    Spells: 2/2 levels left

rFire   . . .        a - +1 shortbow
rCold   . . .        (shield currently unavailable)
rNeg    . . .        b - +0 ring mail
rPois   .            (no helmet)
rElec   .            (no cloak)
rCorr   .            (no gloves)
SInv    .            (no boots)
Will    .....        (no amulet)
Stlth   +            (no ring)
HPRegen 0.23/turn    (no ring)
MPRegen 0.09/turn

%: no passive effects
@: no status effects
A: no striking features
a: no special abilities


You were on level 2 of the Dungeon.
You visited 1 branch of the dungeon, and saw 2 of its levels.

You collected 61 gold pieces.


   Skills:
 - Level 1.5 Fighting
 + Level 7.0 Ranged Weapons
 - Level 2.4 Dodging
 - Level 1.2 Stealth


You had 2 spell levels left.
You didn't know any spells.
Your spell library was empty.

Inventory:

Hand Weapons
 a - a +1 shortbow (weapon)
Armour
 b - a +0 ring mail (worn)
Potions
 h - a potion of curing

Dungeon Overview and Level Annotations

Branches:
Dungeon (2/15)

Altars:

Annotations:
D:2 Robin


Message History

The goblin hits you with a +0 club.
The jackal bites you but does no damage.
You hear a shout! x2
You shoot an arrow. The arrow closely misses the jackal.
The arrow hits the goblin.
You kill the goblin!
The goblin misses you. The jackal barely misses you.
You shoot an arrow. The arrow hits the jackal!
You kill the jackal!
A goblin comes into view. It is wielding a +0 club.
The goblin closely misses you. Robin throws the goblin at you!
You shoot an arrow. The arrow hits the goblin.
The goblin is severely wounded.
The goblin hits you with a +0 club. x2; The goblin hits you but does no damage.
The goblin hits you with a +0 club.
You shoot an arrow. The arrow closely misses the goblin.
The goblin closely misses you. The goblin barely misses you.
Robin says, "Duck!"
You shoot an arrow. The arrow hits the goblin.
You kill the goblin!
The goblin closely misses you. Robin throws the goblin at you!
The goblin hits you with a +0 dagger.
A hobgoblin comes into view.
Your Ranged Weapons skill increases to level 7!
You shoot an arrow. The arrow hits the goblin.
The goblin is heavily wounded.
The goblin barely misses you.
A goblin comes into view. It is wielding a +0 dagger.
The goblin hits you with a +0 dagger.
A jackal comes into view.
You shoot an arrow. The goblin shouts!
The arrow hits the goblin.
You kill the goblin!
The goblin no longer looks unusually strong. x2
The goblin barely misses you.
Robin roars a battlecry!
The goblins go into a battle-frenzy!
The goblin hits you with a +0 club.
You die...

#..# ##.## #..# ##.##
#..### ##.###. #..###.
##################......
....)gg@)........!...###
####.g########....####
#.). #.####


ghg# #.# .# ###<# #...# ##.### #..# #.## You could see Robin, a jackal, a
hobgoblin (strong) and 3 goblins.

Vanquished Creatures
  2 dart slugs
  A ribbon worm (D:2)
  4 endoplasms
  8 goblins
  3 hobgoblins
  3 jackals (D:2)
  A quokka (D:1)
  2 ball pythons (D:1)
  4 bats
  2 frilled lizards (D:1)
  2 kobolds
  3 rats
35 creatures vanquished.

Notes
Turn   | Place    | Note
-------+----------+-------------------------------------------
     0 | D:1      | qw the Deep Elf Hunter began the quest for the Orb.
     0 | D:1      | Reached XP level 1. HP: 12/12 MP: 3/3
     0 | D:1      | 0 ||| qw: Version: 0.3-a-157-g843a77d
     0 | D:1      | 0 ||| qw: Game counter: 3815
     0 | D:1      | 0 ||| qw: Melee chars always use a shield: true
     0 | D:1      | 0 ||| qw: God list: Okawaru
     0 | D:1      | 0 ||| qw: Allow faded altars: false
     0 | D:1      | 0 ||| qw: Do Orc after clearing Dungeon:15 true
     0 | D:1      | 0 ||| qw: Do second Lair branch before Depths: true
     0 | D:1      | 0 ||| qw: Lair rune preference: random
     0 | D:1      | 0 ||| qw: Goals: Normal
     0 | D:1      | 0 ||| PLANNING D:1-11
   122 | D:1      | Reached XP level 2. HP: 16/16 MP: 4/4
   139 | D:1      | Reached skill level 6 in Ranged Weapons
   474 | D:1      | 474 ||| READING scroll labelled ZAH LAISEUH.
   475 | D:1      | 475 ||| READING 2 scrolls labelled VYHUDUS LUAC.
   475 | D:1      | 475 ||| IDENTIFYING lumpy coppery potion
   476 | D:1      | 476 ||| READING scroll of identify.
   476 | D:1      | 476 ||| IDENTIFYING 2 pink potions
   477 | D:1      | 477 ||| READING scroll labelled MANOSH NOJI.
   478 | D:1      | 478 ||| DROPPING scroll of butterflies.
   479 | D:1      | 479 ||| DROPPING 2 potions of attraction.
   527 | D:2      | 527 ||| READING scroll labelled JYDIDW ULLECZU.
   527 | D:2      | 527 ||| ENCHANTING +0 shortbow.
   534 | D:2      | 534 ||| UPGRADING to +0 ring mail.
   545 | D:2      | Reached XP level 3. HP: 9/20 MP: 5/5
   593 | D:2      | 593 ||| DROPPING +0 leather armour.
   702 | D:2      | Noticed Robin
   712 | D:2      | HP: 4/20 [goblin/+0 club[Robin] (2)]
   715 | D:2      | Reached skill level 7 in Ranged Weapons
   715 | D:2      | HP: 1/20 [goblin/+0 dagger[Robin] (1)]
   716 | D:2      | Slain by a goblin

Levels and vault maps discovered:
D:1:      dpeg_arrival_shelter, layout_basic, serial_bayou_pond_d
D:2:      layout_rooms, serial_glass, glass_columns_b, glass_columns_a,
          uniq_robin

Skill      XL: |  1  2  3 |
---------------+----------+-----
Ranged Weapons | 6 7 |  7.0
Fighting       | |  1.5
Dodging        | |  2.4
Stealth        | |  1.2

Action                     || total
---------------------------++-------
   Fire: Shortbow          ||    74
    Use: Scroll            ||     5
 Armour: Leather armour    ||     4
         Skin              ||     3
         Ring mail         ||    17
  Dodge: Dodged            ||    25

Table legend:
 A = Non-vault XP
 B = Vault XP
 C = Vault XP percentage of total XP
 D = Non-vault monster count
 E = Vault monster count
 F = Vault count percentage of total count
                 A         B        C        D         E       F
            +---------+---------+-------+---------+---------+-------
      Total |      55 |      10 |  15.4 |      30 |       5 |  14.3
            +---------+---------+-------+---------+---------+-------
        D:1 |      27 |       0 |   0.0 |      16 |       0 |   0.0
        D:2 |      28 |      10 |  26.3 |      14 |       5 |  26.3
            +---------+---------+-------+---------+---------+-------
